 Dungeon Crawl Stone Soup version 0.30-a0-696-g2367cd04db (webtiles) character file.

Game seed: 1901497687892646205

5012 bande the Cleaver (level 10, -4/61 HPs)
             Began as a Gargoyle Fighter on Jan 21, 2023.
             Was a Priest of Okawaru.
             Slain by an orc warrior
             ... wielding a +0 battleaxe
              (9 damage)
             ... on level 9 of the Dungeon.
             The game lasted 00:15:28 (8177 turns).

bande the Cleaver (Gargoyle Fighter)                Turns: 8177, Time: 00:15:29

Health: -4/61      AC: 20    Str: 21    XL:     10   Next: 54%
Magic:  22/22      EV: 12    Int:  8    God:    Okawaru [***...]
Gold:   593        SH:  5    Dex: 13    Spells: 9/9 levels left

rFire   . . .      SeeInvis .    a - +1 war axe (vamp)
rCold   + . .      Faith    .    c - +0 buckler
rNeg    + . .      Spirit   .    h - +0 chain mail
rPois   ∞          Reflect  .    (no helmet)
rElec   +          Harm     .    (no cloak)
rCorr   +          Rampage  .    x - +1 pair of gloves
Will    .....                    (no boots) Stlth
                                 (no amulet)
HPRegen 0.30/turn                m - ring of the Rose {rCorr MP+9 EV+5}
MPRegen 0.18/turn                G - ring of protection from cold

@: no status effects
A: sickness immunity, AC +7, negative energy resistance 1, electricity
resistance, torment resistance 1, petrification resistance
a: Renounce Religion, Heroism


You were on level 9 of the Dungeon.
You worshipped Okawaru.
Okawaru was most pleased with you.
You visited 2 branches of the dungeon, and saw 10 of its levels.

You collected 605 gold pieces.
You spent 12 gold pieces at shops.

Inventory:

Hand Weapons
 a - a +1 vampiric war axe (weapon)
 i - a +2 heavy flail
Armour
 c - a +0 buckler (worn)
 h - a +0 chain mail (worn)
 x - a +1 pair of gloves (worn)
Jewellery
 g - an amulet of the acrobat
 k - an amulet of faith
 m - the ring of the Rose (left hand) {rCorr MP+9 EV+5}
   (You found it on level 2 of the Dungeon)

   [ring of evasion]

   EV:        It affects your evasion (+5).
   MP:        It affects your magic capacity (+9).
   rCorr:     It protects you from acid and corrosion.
 A - a ring of positive energy
 E - a ring of positive energy
 G - a ring of protection from cold (right hand)
Wands
 s - a wand of flame (50)
 v - a wand of digging (4)
 z - a wand of polymorph (5)
 F - a wand of roots (4)
Scrolls
 e - a scroll of enchant armour
 f - a scroll of blinking
 p - a scroll of brand weapon
 q - a scroll of enchant weapon
 u - 3 scrolls of amnesia
 y - 4 scrolls of teleportation
 B - a scroll of magic mapping
Potions
 b - 6 potions of haste
 j - 6 potions of berserk rage
 l - a potion of magic
 n - a potion of mutation {unknown}
 o - 2 potions of cancellation
 r - a potion of heal wounds {unknown}
 t - 2 potions of lignification {unknown}
 w - a potion of flight {unknown}
 D - 2 potions of curing


   Skills:
 + Level 6.6 Fighting
 + Level 8.9 Axes
 + Level 7.2 Armour
 + Level 5.8 Shields
 * Level 5.0 Invocations
 * Level 5.5 Evocations


You had 9 spell levels left.
You didn't know any spells.
Your spell library contained the following spells:

 Spells                   Type           Power      Damage    Failure   Level
 Kiss of Death            Conj/Necr      0%         2d5       99%         1
 Sting                    Tmut/Pois      0%         1d3       99%         1
 Lesser Beckoning         Tloc           0%         N/A       100%        2
 Poisonous Vapours        Pois/Air       0%         N/A       100%        2
 Confusing Touch          Hex            0%         N/A       100%        3
 Gell's Gravitas          Tloc           0%         N/A       100%        3
 Teleport Other           Tloc           0%         N/A       100%        3
 Dispel Undead            Necr           0%         3d6       100%        4
 Olgreb's Toxic Radiance  Pois           0%         N/A       100%        4
 Blade Hands              Tmut           0%         N/A       100%        5
 Iron Shot                Conj/Erth      0%         9d1       100%        6
 Animate Armour           Summ/Erth      Unusable   N/A       N/A         4

Dungeon Overview and Level Annotations

Branches:
Dungeon (9/15)             Temple (1/1) D:5             Orc (0/2) D:9
   Lair: D:8-11

Altars:
Dithmenos
Elyvilon
Fedhas
Gozag
Hepliaklqana
Okawaru
Qazlal
Ru
Vehumet
Wu Jian
Xom

Shops:
D:4 !


Innate Abilities, Weirdness & Mutations

You are immune to sickness and miasma.
Your stone body is resilient. (AC +7)
You are immune to poison.
You resist negative energy. (rN+)
You are resistant to electric shocks. (rElec)
You are resistant to unholy torment.
You are immune to petrification.


Message History

You block the orc warrior's attack. The yak gores you but does no damage.
The yak barely misses you.
You barely miss the yak.
The yak is severely wounded.
You barely miss the yak. You hit the orc warrior.
You feel better. The orc warrior completely misses you.
The yak closely misses you. The yak gores you but does no damage.
You barely miss the yak.
The yak is severely wounded.
You hit the orc warrior but do no damage.
You hit the yak but do no damage.
The orc warrior hits you with a +0 battleaxe!
The yak gores you. The yak gores you!
You are too injured to fight recklessly!
You are too injured to fight recklessly!
You are too injured to fight recklessly!
You are too injured to fight recklessly!
You are too injured to fight recklessly!
You are too injured to fight recklessly!
You are too injured to fight recklessly!
You are too injured to fight recklessly!
You are too injured to fight recklessly!
You are too injured to fight recklessly!
You slash the orc warrior!
The orc warrior is heavily wounded.
You hit the yak but do no damage. x2
The orc warrior hits you with a +0 battleaxe!
* * * LOW HITPOINT WARNING * * *
The yak gores you but does no damage. x2
You hit the orc warrior.
The orc warrior is severely wounded.
You hit the yak. x2; You feel better.
An orc comes into view. It is wielding a +0 hand axe.
The orc warrior hits you with a +0 battleaxe!
* * * LOW HITPOINT WARNING * * *
The yak gores you!
* * * LOW HITPOINT WARNING * * *
The yak gores you but does no damage. x2
The orc warrior hits you with a +0 battleaxe!
You die...

. #### ###. #... #...
#... #.o# #... #..# #...
.#####.o# #######...
......Yo# #.........
.....oY@#######.........
.#######................
#.#####.[.......# #.#
#.........#
#######.#####.........#
......................#
#######.###...#########
#.# #...# #. #.# #...#
#^


You could see 2 yaks, an orc warrior and 3 orcs.

Vanquished Creatures
  Pikel (D:7)
  Grinder (D:6)
  2 slime creatures (D:6)
  A shadow (D:9)
  A yak (D:9)
  A steam dragon (D:6)
  3 wargs (D:9)
  2 water moccasins
  2 black bears
  2 sky beasts
  An ice beast (D:6)
  2 centaurs (D:9)
  A lemure (D:7)
  5 kobold brigands
  A gnoll sergeant (D:5)
  3 bullfrogs
  4 scorpions (D:5)
  7 wights
  5 killer bees (D:8)
  9 jellies
  6 hounds
  2 orc priests
  A gnoll bouda (D:7)
  4 iguanas
  Natasha (D:2)
  An orc wizard (D:6)
  7 gnolls
  9 adders
  A shadow imp (D:5)
  3 white imps
  A worm (D:3)
  3 dart slugs
  27 orcs
  12 endoplasms
  3 giant cockroaches
  6 goblins
  8 hobgoblins
  A jackal (D:3)
  26 kobolds
  4 quokkas
  7 ball pythons
  4 bats
  2 frilled lizards
  5 rats
198 creatures vanquished.

Vanquished Creatures (others)
  A white imp (D:6)
  5 fungi (D:6)
  11 toadstools (D:6)
17 creatures vanquished.

Grand Total: 215 creatures vanquished

Notes
Turn   | Place    | Note
-------+----------+-------------------------------------------
     0 | D:1      | bande the Gargoyle Fighter began the quest for the Orb.
     0 | D:1      | Reached XP level 1. HP: 14/14 MP: 1/1
   158 | D:1      | Reached XP level 2. HP: 12/19 MP: 2/2
   314 | D:1      | Found a faded altar of an unknown god.
   522 | D:2      | Reached skill level 2 in Axes
   537 | D:2      | Identified the ring of the Rose {rCorr MP+9 EV+5}
   642 | D:2      | Reached XP level 3. HP: 23/23 MP: 3/3
   819 | D:2      | Noticed Natasha
   824 | D:2      | Killed Natasha
   825 | D:2      | Reached XP level 4. HP: 18/29 MP: 4/4
  1398 | D:3      | Found an opulent altar of Gozag.
  1689 | D:3      | Reached skill level 1 in Evocations
  1793 | D:3      | Reached XP level 5. HP: 33/33 MP: 5/5
  1917 | D:4      | Found a shadowy altar of Dithmenos.
  2227 | D:4      | Reached skill level 3 in Axes
  2282 | D:4      | Found Duph's Distillery.
  2333 | D:4      | Bought a potion of degeneration for 12 gold pieces
  2370 | D:4      | Noticed a black bear
  2384 | D:4      | Killed a black bear
  2385 | D:4      | Reached XP level 6. HP: 25/38 MP: 6/6
  2675 | D:4      | Reached skill level 4 in Axes
  3269 | D:5      | Entered Level 5 of the Dungeon
  3277 | D:4      | Reached XP level 7. HP: 43/43 MP: 7/7
  3464 | D:5      | Reached skill level 5 in Axes
  3653 | D:5      | Found a stormy altar of Qazlal.
  3688 | D:5      | Reached skill level 5 in Armour
  3742 | D:5      | Reached XP level 8. HP: 13/48 MP: 8/8
  4146 | D:5      | Reached skill level 6 in Axes
  4282 | D:5      | Found a staircase to the Ecumenical Temple.
  4322 | Temple   | Entered the Ecumenical Temple
  4371 | Temple   | Became a worshipper of Warmaster Okawaru
  4645 | D:6      | You fall into a shaft and drop 2 floors!
  4866 | D:7      | Reached skill level 5 in Fighting
  4986 | D:6      | Reached skill level 1 in Invocations
  5032 | D:6      | Reached XP level 9. HP: 31/54 MP: 10/10
  5277 | D:6      | Found a white marble altar of Elyvilon.
  5319 | D:6      | Reached * piety under Okawaru
  5361 | D:6      | Reached skill level 5 in Shields
  5489 | D:6      | Noticed Grinder
  5497 | D:6      | Killed Grinder
  5498 | D:6      | Reached skill level 7 in Axes
  5963 | D:6      | Reached ** piety under Okawaru
  6340 | D:7      | Reached skill level 8 in Axes
  6394 | D:7      | Reached skill level 5 in Evocations
  6473 | D:7      | Reached XP level 10. HP: 60/60 MP: 13/13
  6758 | D:7      | Noticed Pikel
  6795 | D:7      | Killed Pikel
  8056 | D:9      | Reached *** piety under Okawaru
  8078 | D:9      | Found a hazy altar of Hepliaklqana.
  8101 | D:9      | Found a staircase to the Orcish Mines.
  8170 | D:9      | Reached skill level 5 in Invocations
  8177 | D:9      | Slain by an orc warrior

Illustrated notes

Levels and vault maps discovered:
D:1:      erik_arrival_blinker_ship, layout_rooms,
          chequers_ecumenical_altar_island,
          nicolae_concentric_dashed_squares_wild
D:2:      layout_rooms, serial_glass, glass_columns_b, glass_columns_a,
          grunt_ministairs_2, uniq_natasha
D:3:      minmay_evil_eye, layout_loops_ring, nicolae_gozag_seed_capital
D:4:      cheibrodos_thug_alley, layout_layer_cave,
          mainiacjoe_overflow_small_starburst, serial_shops, nicolae_square_shop
D:5:      layout_layer_cave, mainiacjoe_overflow_alcove_4,
          minmay_temple_entry_glassed_door, st_stairs_14,
          hangedman_decor_riveting
D:6:      cheibrodos_fertilizer, layout_rooms,
          mainiacjoe_overflow_surrounded_room, uniq_grinder
D:7:      layout_loops_corners, uniq_pikel
D:8:      layout_cave_pods, minmay_statues_item
D:9:      layout_small_grid, minitemple, minmay_orc_entry_guard_dogs,
          serial_shops, nicolae_shop_overgrown_old_shop
Temple:   hellmonk_temple_forest_ring

Skill      XL: |  1  2  3  4  5  6  7  8  9 10 |
---------------+-------------------------------+-----
Axes           | 2 3 4 5 6 8 |  8.9
Armour         | 4 5 6 7 |  7.2
Evocations     | 1 2 3 4 5 |  5.5
Fighting       | 4 5 6 |  6.6
Shields        | 4 5 |  5.8
Invocations    | 2 4 5 |  5.0

Action                   |  1- 3 |  4- 6 |  7- 9 | 10-12 || total
-------------------------+-------+-------+-------+-------++-------
Melee: War axe           |    86 |   154 |   328 |   150 ||   718
  Use: Scroll            |       |    11 |     4 |     2 ||    17
       Potion            |       |       |       |     3 ||     3
Armor: Chain mail        |    38 |   111 |   168 |   101 ||   418
       Scale mail        |     3 |       |       |       ||     3
Dodge: Dodged            |    37 |   120 |   198 |    92 ||   447
Block: Buckler           |    19 |    39 |    97 |    40 ||   195

Table legend: (Time is in decaauts)
 A = Elapsed time spent in this place.
 B = Non-inter-level travel time spent in this place.
 C = Inter-level travel time spent in this place.
 D = Time resting spent in this place.
 E = Time spent auto-exploring this place.
 F = Levels seen in this place.
 G = Mean time per level.
                   A        B        C        D        E       F      G
               +--------+--------+--------+--------+--------+-----+--------+
         Total |   8368 |   8121 |    247 |   1218 |   5163 |  10 |  836.8 |
       Dungeon |   8295 |   8067 |    228 |   1218 |   5127 |   9 |  921.7 |
        Temple |     72 |     53 |     19 |      0 |     36 |   1 |   72.0 |
               +--------+--------+--------+--------+--------+-----+--------+

Top non-repeatable levels by time:
     D:4: 1428 daAuts
     D:7: 1420 daAuts
     D:5: 1315 daAuts
     D:6: 1109 daAuts
     D:8: 855 daAuts
     D:3: 798 daAuts
     D:2: 631 daAuts
     D:1: 538 daAuts
     D:9: 199 daAuts
  Temple: 72 daAuts
